 Dungeon Crawl Stone Soup version 0.30-a0-639-g3916f1956a (webtiles) character file.

Game seed: 16859110894506381415

13538 wormed the Transmogrifier (level 12, -2/75 (98) HPs)
             Began as an Octopode Transmuter on Jan 15, 2023.
             Was an Initiate of Gozag.
             Slain by a spectral orc warrior
             ... wielding a +0 long sword
             ... summoned by Nergalle
              (3 damage)
             ... on level 1 of the Lair of Beasts.
             The game lasted 00:15:17 (11480 turns).

wormed the Transmogrifier (Octopode Transmuter)    Turns: 11480, Time: 00:15:18

HP:   -2/75 (98)    AC:  9    Str: 16    XL:     12   Next: 7%
MP:   18/22         EV: 13    Int: 19    God:    Gozag
Gold: 783           SH:  0    Dex: 13    Spells: 15/25 levels left

rFire   x . .      SeeInvis .      - Unarmed
rCold   + + +      Faith    .    (shield currently unavailable)
rNeg    . . .      Spirit   .    (helmet currently unavailable)
rPois   +          Reflect  .    t - amulet of regeneration
rElec   .          Harm     .    d - +6 ring of strength
rCorr   +          Rampage  .    q - ring of resist corrosion
Will    .....                    (no ring)
Stlth   +                        (no ring)
HPRegen 1.12/turn                (no ring)
MPRegen 0.18/turn                (no ring)
                                 (no ring)
                                 (no ring)

@: about to teleport, ice-form, wereblooded, heavily drained
A: freezing attack, boosted hp, almost no armour, amphibious, 8 rings, large,
(camouflage 1), (gelatinous body 1), (nimble swimmer 1), (tentacles)
a: End Transformation, Renounce Religion, Potion Petition, Call Merchant, Bribe
Branch


You were on level 1 of the Lair of Beasts.
You worshipped Gozag.
Gozag was pleased with you.
You were a creature of crystalline ice.
You visited 3 branches of the dungeon, and saw 12 of its levels.
You also visited: Bailey.

You collected 1050 gold pieces.
You paid 267 gold pieces to Gozag.

Inventory:

Missiles
 B - 4 throwing nets
Jewellery
 d - a +6 ring of strength (left front paw)
 q - a ring of resist corrosion (right front paw)
 t - an amulet of regeneration (around neck)
 x - a ring of fire
Wands
 l - a wand of paralysis (8) (quivered)
 m - a wand of polymorph (13)
 o - a wand of roots (16)
 y - a wand of digging (7)
 z - a wand of mindburst (7)
Scrolls
 b - 3 scrolls of identify
 e - a scroll of silence
 g - 6 scrolls of teleportation
 n - a scroll of enchant weapon
 p - 4 scrolls of enchant armour
 s - 2 scrolls of fog
 u - a scroll of summoning
 A - a scroll of magic mapping
Potions
 a - 4 potions of lignification
 c - 6 potions of curing
 f - a potion of attraction
 h - 5 potions of cancellation
 i - 2 potions of flight
 j - 4 potions of brilliance
 k - 3 potions of haste
 r - 4 potions of invisibility
 w - 7 potions of mutation


   Skills:
 + Level 7.6 Fighting
 + Level 7.8 Dodging
 + Level 8.3 Unarmed Combat
 + Level 7.2 Spellcasting
 * Level 11.2 Transmutations
 - Level 4.0 Ice Magic


You had 15 spell levels left.
You knew the following spells:

 Your Spells              Type           Power      Damage    Failure   Level
a - Ice Form              Ice/Tmut       35%        N/A       4%          4
b - Wereblood             Tmut           49%        N/A       1%          2
c - Spider Form           Tmut/Pois      28%        N/A       3%          3
d - Beastly Appendage     Tmut           98%        N/A       1%          1

Your spell library contained the following spells:

 Spells                   Type           Power      Damage    Failure   Level
 Ensorcelled Hibernation  Hex/Ice        28%        N/A       7%          2
 Magic Dart               Conj           24%        1d4       10%         1
 Summon Small Mammal      Summ           24%        N/A       10%         1
 Call Imp                 Summ           6%         N/A       16%         2
 Lesser Beckoning         Tloc           12%        N/A       16%         2
 Alistair's Intoxication  Tmut/Pois      18%        N/A       26%         5
 Call Canine Familiar     Summ           6%         N/A       30%         3
 Gell's Gravitas          Tloc           6%         N/A       30%         3
 Mephitic Cloud           Conj/Pois/Air  6%         N/A       30%         3
 Summon Guardian Golem    Hex/Summ       6%         N/A       30%         3
 Teleport Other           Tloc           6%         N/A       30%         3
 Anguish                  Hex/Necr       3%         N/A       69%         4
 Leda's Liquefaction      Hex/Erth       3%         N/A       69%         4
 Eringya's Noxious Bog    Tmut/Pois      14%        N/A       83%         6
 Statue Form              Tmut/Erth      18%        N/A       83%         6
 Borgnjor's Vile Clutch   Necr/Erth      3%         N/A       95%         5
 Lee's Rapid Deconstruct  Erth           3%         3d5*      95%         5
 Borgnjor's Revivificati  Necr           3%         N/A       100%        8
 Necromutation            Tmut/Necr      14%        N/A       100%        8
 Death's Door             Necr           3%         N/A       100%        9


Dungeon Overview and Level Annotations

Branches:
Dungeon (10/15)            Temple (1/1) D:6            Lair (1/5) D:9
 Bailey (visited)
    Orc: D:9-12

Altars:
Ashenzari
Cheibriados
Dithmenos
Elyvilon
Fedhas
Gozag
Hepliaklqana
Kikubaaqudgha
Makhleb
Nemelex Xobeh
Okawaru
Qazlal
Ru
Sif Muna
Trog
Uskayaw
Vehumet
Wu Jian
Xom
Yredelemnul
Zin
The Shining One

Shops:
D:10 *

Annotations:
D:9 2 runed translucent doors, Bediveer's ghost, novice MfGl
Lair:1 Nergalle


Innate Abilities, Weirdness & Mutations

You are a creature of crystalline ice.
You have a powerful freezing melee attack.
Your maximum health is increased.
Your armour is entirely melded.
You are incapable of wielding weapons or throwing items.
You cannot wear most types of armour.
You are amphibious.
You can wear up to eight rings at the same time.
((Your skin changes colour to match your surroundings (Stealth+).))
((Your rubbery body absorbs attacks. (AC +1, EV +1)))
((You are camouflaged when in or above water. (Stealth+)))
((You have tentacles for arms and can constrict up to eight enemies at once.))


Message History

* * * LOW HITPOINT WARNING * * *
You feel drained.
* * * LOW HITPOINT WARNING * * *
The spectral orc warrior closely misses you.
The spectral orc warlord hits you with a +2 long sword of freezing!
* * * LOW HITPOINT WARNING * * *
The spectral orc warlord freezes you.
* * * LOW HITPOINT WARNING * * *
The spectral orc warrior misses you.
You feel much better.
The spectral orc warrior hits you with a +0 halberd.
You feel drained.
The spectral orc warrior hits you but does no damage.
The spectral orc warrior closely misses you.
The spectral orc warrior barely misses you.
The spectral orc warlord closely misses you.
The spectral orc warrior hits you.
As you read the scroll of teleportation, it crumbles to dust.
You feel strangely unstable.
The spectral orc warrior hits you with a +0 halberd!
* * * LOW HITPOINT WARNING * * *
The spectral orc warrior completely misses you.
The spectral orc warlord hits you with a +2 long sword of freezing.
* * * LOW HITPOINT WARNING * * *
You feel drained.
* * * LOW HITPOINT WARNING * * *
The spectral orc warrior barely misses you.
The spectral orc warrior hits you with a +0 short sword.
* * * LOW HITPOINT WARNING * * *
The spectral orc warrior hits you but does no damage.
You feel better.
The spectral orc warrior hits you but does no damage.
The spectral orc warrior hits you with a +0 mace.
* * * LOW HITPOINT WARNING * * *
The spectral orc warrior closely misses you.
The spectral orc warrior hits you with a +0 long sword!
* * * LOW HITPOINT WARNING * * *
You feel drained.
You die...
Your body crumbles into a pile of gold.

#### # ####..###.#
###.##......# ##
####..ZZZZ.....# ..
###.....oZYZ..##P#
..#
###........Z##.## #
...##.......########
..........###
.......#.##
......P###
......#####
.........P#
P........###


You could see Nergalle (paralysed), a spectral orc (summoned), 5 spectral orc
warriors and a spectral orc warlord (summoned).

Vanquished Creatures
  Harold (Lair:1)
  An orc knight (Bailey)
  Pikel (D:6)
  A black mamba (Lair:1)
  Maurice (D:10)
  Joseph (D:7)
  An unseen horror (D:10)
  A cane toad (Lair:1)
  Maggie (D:6)
  A komodo dragon (Lair:1)
  4 trolls
  2 hornets
  Grinder (D:4)
  Sigmund (D:3)
  A vampire (D:10)
  2 wraiths
  15 yaks
  2 wyverns (D:9)
  A shadow (D:9)
  3 steam dragons (D:8)
  5 water moccasins
  4 orc warriors
  An ice beast (D:6)
  Duvessa (D:6)
  6 ogres
  A black bear (D:7)
  A centaur (D:9)
  2 lemures (D:6)
  A phantom (D:5)
  2 kobold brigands (D:7)
  8 bullfrogs
  2 necrophages (D:6)
  2 scorpions
  12 wights
  Dowan (D:6)
  11 killer bees
  5 howler monkeys
  6 hounds
  3 gnoll boudas
  3 orc priests
  5 orc wizards
  3 iguanas
  20 gnolls
  7 adders
  A shadow imp (D:7)
  3 white imps
  2 ufetubi
  A worm (D:2)
  2 dart slugs
  45 orcs
  4 ball pythons
  3 endoplasms
  6 giant cockroaches
  9 goblins
  4 hobgoblins
  6 jackals
  2 quokkas
  2 bats
  5 frilled lizards
  15 kobolds
  5 rats
269 creatures vanquished.

Vanquished Creatures (others)
  4 plants
4 creatures vanquished.

Grand Total: 273 creatures vanquished

Notes
Turn   | Place    | Note
-------+----------+-------------------------------------------
     0 | D:1      | wormed the Octopode Transmuter began the quest for the Orb.
     0 | D:1      | Reached XP level 1. HP: 13/13 MP: 3/3
    77 | D:1      | Reached XP level 2. HP: 17/18 MP: 5/5
   566 | D:2      | Reached XP level 3. HP: 8/23 MP: 4/6
   643 | D:2      | Learned a level 2 spell: Wereblood
   877 | D:2      | Learned a level 3 spell: Spider Form
  1087 | D:2      | Reached skill level 1 in Ice Magic
  1322 | D:2      | Reached XP level 4. HP: 19/28 MP: 7/7
  1744 | D:3      | Reached skill level 3 in Transmutations
  1920 | D:3      | Noticed Sigmund
  1932 | D:3      | Killed Sigmund
  1933 | D:3      | Reached XP level 5. HP: 14/35 MP: 5/9
  1933 | D:3      | Reached XP level 6. HP: 16/40 MP: 5/10
  2057 | D:3      | Learned a level 4 spell: Ice Form
  2106 | D:3      | Found a hide-covered altar of Uskayaw.
  2106 | D:3      | Noticed a +0 hand axe
  2107 | D:3      | Noticed a +0 hand axe
  2443 | D:4      | Reached skill level 4 in Transmutations
  2538 | D:4      | Noticed Grinder
  2543 | D:4      | Paralysed by Grinder for 3 turns
  2555 | D:4      | Paralysed by Grinder for 5 turns
  2556 | D:4      | Killed Grinder
  2557 | D:4      | Reached XP level 7. HP: 39/45 MP: 9/11
  3525 | D:5      | Entered Level 5 of the Dungeon
  3861 | D:5      | Reached skill level 5 in Transmutations
  3861 | D:5      | Reached XP level 8. HP: 52/52 MP: 10/13
  4572 | D:6      | HP: 2/42 [white imp/puff of frost (11)]
  5068 | D:6      | Found a glowing silver altar of Zin.
  5157 | D:6      | Noticed Pikel
  5167 | D:6      | Reached skill level 5 in Unarmed Combat
  5176 | D:6      | Killed Pikel
  5176 | D:6      | Noticed Duvessa
  5177 | D:6      | Reached skill level 6 in Transmutations
  5177 | D:6      | Reached XP level 9. HP: 24/59 MP: 13/15
  5331 | D:6      | Noticed Dowan
  5566 | D:7      | Noticed Joseph
  5582 | D:7      | Killed Joseph
  5583 | D:7      | Reached skill level 5 in Dodging
  5583 | D:7      | Reached skill level 7 in Transmutations
  6120 | D:7      | Reached skill level 5 in Fighting
  6125 | D:7      | Reached skill level 5 in Spellcasting
  6163 | D:6      | Noticed a hornet
  6172 | D:6      | Killed a hornet
  6173 | D:6      | Reached skill level 8 in Transmutations
  6173 | D:6      | Reached XP level 10. HP: 56/66 MP: 11/17
  6420 | D:6      | Found a staircase to the Ecumenical Temple.
  6433 | Temple   | Entered the Ecumenical Temple
  6788 | D:6      | Noticed Maggie
  6798 | D:6      | Killed Maggie
  6989 | D:6      | Killed Duvessa
  6991 | D:6      | Killed Dowan
  7902 | D:8      | Found a large runed translucent door.
  7902 | D:8      | Found a large runed translucent door.
  8048 | D:8      | Reached skill level 9 in Transmutations
  8333 | D:8      | Reached XP level 11. HP: 57/71 MP: 17/20
  8757 | D:8      | Found an ornate altar of the Wu Jian Council.
  8760 | D:8      | Found an ancient bone altar of Kikubaaqudgha.
  8840 | D:9      | Found a flagged portal.
  8887 | Bailey   | Entered a bailey
  9291 | Bailey   | Noticed an orc knight
  9323 | Bailey   | Killed an orc knight
  9592 | D:9      | Found a staircase to the Lair.
  9729 | D:9      | Reached skill level 10 in Transmutations
  9734 | D:9      | Found a burning altar of Makhleb.
  9832 | D:9      | Found a runed translucent door.
  9835 | D:9      | Noticed Bediveer's ghost (novice MfGl)
 10056 | D:9      | Noticed a centaur warrior
 10056 | D:9      | Noticed a tengu warrior
 10056 | D:9      | Noticed a centaur warrior
 10056 | D:9      | Noticed a manticore
 10058 | D:9      | Noticed a brown ugly thing
 10061 | D:9      | Found a runed translucent door.
 10234 | D:9      | Noticed a five-headed hydra
 10306 | D:10     | Entered Level 10 of the Dungeon
 10354 | D:10     | Found an opulent altar of Gozag.
 10355 | D:10     | Found Gozag's Platinum Reserve.
 10362 | D:10     | Became a worshipper of Gozag Ym Sagoz the Greedy
 10387 | D:10     | Noticed Maurice
 10450 | D:10     | Killed Maurice
 11082 | Lair:1   | Entered Level 1 of the Lair of Beasts
 11099 | Lair:1   | Reached skill level 11 in Transmutations
 11258 | Lair:1   | Reached XP level 12. HP: 75/81 MP: 17/22
 11322 | Lair:1   | Noticed Harold
 11330 | Lair:1   | Paralysed by Harold for 4 turns
 11335 | Lair:1   | Killed Harold
 11462 | Lair:1   | Noticed Nergalle
 11477 | Lair:1   | HP: 3/80 [spectral orc warlord/+2 long sword of
                  | freezing[Nergalle] (14)]
 11480 | Lair:1   | HP: 1/78 [spectral orc warrior/+0 long sword[Nergalle] (9)]
 11480 | Lair:1   | Slain by a spectral orc warrior

Illustrated notes

Levels and vault maps discovered:
D:1:      matt_arrival_grand_opening, layout_rooms
D:2:      cheibrodos_old_hovel, layout_loops_ring, dreamdust_princess_bridge
D:3:      layout_loops_ring, dancing_weapons_uskayaw, uniq_sigmund
D:4:      layout_cave_pods, minivault_25, uniq_grinder
D:5:      layout_gridville
D:6:      minmay_recursive_quarters, layout_cave_pools, zin_academy,
          minmay_temple_entry_gardened_gates, uniq_pikel, uniq_duvessa,
          uniq_maggie
D:7:      layout_gridville, uniq_joseph
D:8:      layout_rooms, jmf_multi_god_temple2, nrook_mini_vaults,
          fungi_pond_lemuel
D:9:      minmay_the_grid_triangle_9x9_rhombus_full
          [minmay_the_grid_triangle_9x9_shrine,
          minmay_the_grid_triangle_9x9_pentomino_pain,
          minmay_the_grid_triangle_9x9_swiss_cheese,
          minmay_the_grid_triangle_9x9_stretched_checkered,
          minmay_the_grid_triangle_9x9_subtriangle,
          minmay_the_grid_triangle_9x9_cache,
          minmay_the_grid_triangle_9x9_flanged_cone,
          minmay_the_grid_triangle_9x9_prize_insulated], layout_cave_pools,
          amcnicky_altar_gilded, lair_entry_dummy,
          hellmonk_ghost_happy_afterlife, enter_bailey_6
D:10:     layout_rooms, nicolae_gozag_zags_fifth_avenue, uniq_maurice
Temple:   minmay_temple_bridge_d
Lair:1:   layout_hall_layers, eino_small_chamber_without_monster,
          lemuel_centaur_altar, grunt_megastairs_1, uniq_nergalle, uniq_harold

Skill      XL: |  1  2  3  4  5  6  7  8  9 10 11 |
---------------+----------------------------------+-----
Ice Magic      | 1 2 3 4 |  4.0
Transmutations | 3 4 5 6 8 9 11 | 11.2
Fighting       | 2 3 4 5 6 7 |  7.6
Dodging        | 3 4 5 6 7 |  7.8
Unarmed Combat | 4 5 6 7 8 |  8.3
Spellcasting   | 3 4 5 6 7 |  7.2

Action                   |  1- 3 |  4- 6 |  7- 9 | 10-12 || total
-------------------------+-------+-------+-------+-------++-------
Melee: Unarmed           |    82 |    47 |   205 |   433 ||   767
       Constrict         |    23 |     3 |     4 |       ||    30
       Tentacles         |    12 |     2 |     2 |     1 ||    17
       Kick              |    14 |     2 |     1 |       ||    17
       Punch             |     2 |       |       |       ||     2
Throw: Throwing net      |       |       |       |     2 ||     2
 Cast: Beastly Appendage |    14 |     2 |     1 |       ||    17
       Wereblood         |     5 |     2 |     8 |    50 ||    65
       Spider Form       |     1 |     8 |    18 |       ||    27
       Ice Form          |       |       |    15 |    55 ||    70
Evoke: Wand              |       |       |       |     9 ||     9
  Use: Scroll            |     4 |     5 |     7 |    12 ||    28
       Potion            |       |     1 |     6 |     7 ||    14
 Stab: Sleeping          |     2 |     1 |       |     1 ||     4
Armor: Skin              |     7 |     4 |    37 |   106 ||   154
Dodge: Dodged            |    59 |    25 |   130 |   262 ||   476

Table legend: (Time is in decaauts)
 A = Elapsed time spent in this place.
 B = Non-inter-level travel time spent in this place.
 C = Inter-level travel time spent in this place.
 D = Time resting spent in this place.
 E = Time spent auto-exploring this place.
 F = Levels seen in this place.
 G = Mean time per level.
                   A        B        C        D        E       F      G
               +--------+--------+--------+--------+--------+-----+--------+
         Total |  11400 |  11078 |    322 |      0 |   8983 |  13 |  876.9 |
       Dungeon |  10104 |   9791 |    313 |      0 |   7912 |  10 | 1010.4 |
        Temple |    253 |    245 |      8 |      0 |    232 |   1 |  253.0 |
          Lair |    392 |    392 |      0 |      0 |    312 |   1 |  392.0 |
        Bailey |    650 |    650 |      0 |      0 |    527 |   1 |  650.0 |
               +--------+--------+--------+--------+--------+-----+--------+

Top non-repeatable levels by time:
     D:7: 1653 daAuts
     D:6: 1363 daAuts
     D:5: 1159 daAuts
     D:4: 1125 daAuts
     D:2: 938 daAuts
     D:3: 914 daAuts
     D:9: 850 daAuts
     D:8: 805 daAuts
    D:10: 758 daAuts
  Bailey: 650 daAuts
     D:1: 534 daAuts
  Lair:1: 392 daAuts
  Temple: 253 daAuts
